 Dungeon Crawl Stone Soup version 0.27.1 (webtiles) character file.

Game seed: 14731018946341458617

44 daidara the Chopper (level 3, 27/27 HPs)
             Began as a Demonspawn Gladiator on Aug 28, 2021.
             Quit the game on level 2 of the Dungeon.
             The game lasted 00:03:46 (1433 turns).

daidara the Chopper (Demonspawn Gladiator)          Turns: 1433, Time: 00:03:47

Health: 27/27      AC:  4    Str: 14    XL:     3   Next: 41%
Magic:  3/3        EV: 12    Int:  9    God:
Gold:   118        SH:  0    Dex: 15    Spells: 2/2 levels left

rFire    . . .     SeeInvis .   a - +0 war axe
rCold    . . .     Faith    .   (no shield)
rNeg     . . .     Spirit   .   b - +0 leather armour
rPois    .         Reflect  .   c - +0 helmet
rElec    .         Harm     .   (no cloak)
rCorr    .         Rampage  .   (no gloves)
Will     .....                  (no boots)
Stlth    +.........             (no amulet)
HPRegen  0.09/turn              (no ring)
MPRegen  0.08/turn              (no ring)

@: no status effects
A: hooves 1
a: no special abilities


You were on level 2 of the Dungeon.
You visited 1 branch of the dungeon, and saw 2 of its levels.

You collected 118 gold pieces.

Inventory:

Hand Weapons
 a - a +0 war axe (weapon)
Missiles
 d - 3 throwing nets (quivered)
Armour
 b - a +0 leather armour (worn)
 c - a +0 helmet (worn)
Scrolls
 e - 2 scrolls of identify {unknown}
 j - a scroll of magic mapping {unknown}
Potions
 f - a potion of might {unknown}
 g - a potion of curing {unknown}
 h - a potion of attraction {unknown}
 i - a potion of haste {unknown}


   Skills:
 + Level 2.2 Fighting
 + Level 3.4 Axes
 + Level 1.8 Throwing
 + Level 0.3 Armour
 + Level 3.1 Dodging


You had 2 spell levels left.
You didn't know any spells.
Your spell library contained the following spells:

 Spells                   Type           Power      Damage    Failure   Level
 Passage of Golubria      Tloc           N/A        N/A       99%         4
 Silence                  Hex/Air        0%         N/A       100%        5
 Lehudib's Crystal Spear  Conj/Erth      0%         10d2      100%        8


Dungeon Overview and Level Annotations

Branches:
Dungeon (2/15)

Altars:


Innate Abilities, Weirdness & Mutations

You have large cloven feet.


Message History

A dart slug is nearby!
A dart slug is nearby!
A dart slug is nearby!
A dart slug is nearby!
A dart slug is nearby!
A dart slug is nearby!
A dart slug is nearby!
A dart slug is nearby!
A dart slug is nearby!
The dart slug bites you.
A dart slug comes into view.
The dart slug launches a dart at you. The slug dart hits you.
The dart slug launches a dart at you. The slug dart hits you.
There is a stone staircase leading up here.
You slash the dart slug!
The dart slug is almost dead.
Unknown command.
You slash the dart slug!
You kill the dart slug!
You see here a dart slug corpse.
The dart slug launches a dart at you. The slug dart hits you.
Unknown command.
You see here a dart slug corpse.
Unknown command.
Unknown command.
The dart slug barely misses you.
You hit the dart slug.
The dart slug is heavily wounded.
The dart slug misses you.
You slash the dart slug!
You kill the dart slug!
A frilled lizard comes into view.
The frilled lizard hisses angrily.
A frilled lizard is nearby!
A frilled lizard is nearby!
A frilled lizard is nearby!
Are you sure you want to abandon this character and quit the game? (Confirm with "yes".)

....<..........#
##.............#
#.............#
+......#......#
#......#.#....#
#......#.#....#
#......#.#....#
#......#.#....#####.#.#
#......#.......@.....l.
###.########.#.# #..
###


You could see a frilled lizard.

Vanquished Creatures
  4 dart slugs
  3 endoplasms
  2 giant cockroaches
  4 goblins
  5 hobgoblins
  A quokka (D:1)
  6 ball pythons
  2 bats (D:1)
  A frilled lizard (D:1)
  3 kobolds
  2 rats
33 creatures vanquished.

Notes
Turn   | Place    | Note
-------+----------+-------------------------------------------
     0 | D:1      | daidara the Demonspawn Gladiator began the quest for the
                  | Orb.
     0 | D:1      | Reached XP level 1. HP: 16/16 MP: 1/1
   266 | D:1      | Gained mutation: You have large cloven feet. [demonic
                  | ancestry]
   266 | D:1      | Reached XP level 2. HP: 20/22 MP: 2/2
   787 | D:1      | Reached XP level 3. HP: 27/27 MP: 3/3
  1433 | D:2      | Quit the game

Illustrated notes

Levels and vault maps discovered:
D:1:      tarquinn_simple_flora_water_f, layout_basic
D:2:      minmay_general_purpose_star, layout_basic, chequers_arboretum,
          hex_tiny

Skill      XL: |  1  2 |
---------------+-------+-----
Axes           | 3 |  3.4
Dodging        | 3 |  3.1
Fighting       | |  2.2
Throwing       | |  1.8
Armour         | |  0.3

Action                   || total
-------------------------++-------
Melee: War axe           ||    71
       Kick              ||     8
Armor: Leather armour    ||    21
Dodge: Dodged            ||    52
